Map: [ESL] Alcyone

Players

Clem - Winner!

  • Race: Terran Terran
  • Spawn Location: 7:00

Solar

  • Race: Zerg Zerg
  • Spawn Location: 1:00

Event: IEM Katowice 2024

VOD

Have the link to the VOD?

Description

Time

  • Played on: Feb. 10, 2024, 11:56 a.m.
  • Length: 9:57

All games in this series

Show
View Real Time Build Order
Export as new Build Order

Clem Terran - Winner!

Build Orders: Liberator Opening, Reaper Expand 

Get SALT Encoding   

  12  0:00  SCV  
  13  0:12  SCV  
  14  0:16  Supply Depot  
  14  0:24  SCV  
  15  0:38  SCV  
  15  0:40  Barracks  
  16  0:43  Refinery  
  16  0:50  SCV  
  17  1:02  SCV  
  18  1:14  SCV  
  19  1:27  Orbital Command, Reaper  
  20  1:39  Command Center  
  20  1:47  Supply Depot  
  20  1:53  SCV  
  21  1:59  Marine  
  22  2:05  SCV  
  23  2:10  Factory  
  23  2:17  SCV  
  23  2:20  Barracks Reactor  
  24  2:29  SCV  
  25  2:38  Command Center  
  25  2:41  SCV  
  26  2:54  Orbital Command  
  26  2:56  SCV  
  27  2:59  Starport  
  27  3:04  Hellion  
  29  3:08  Hellion  
  29  3:10  SCV  
  32  3:17  Marine  
  32  3:18  Refinery  
  33  3:20  SCV  
  33  3:23  SCV  
  37  3:27  Hellion  
  37  3:30  Hellion  
  37  3:33  SCV  
  40  3:35  SCV  
  41  3:43  Liberator  
  41  3:45  SCV  
  45  3:48  SCV  
  45  3:50  Hellion  
  45  3:51  Hellion  
  45  3:55  Orbital Command  
  50  3:57  SCV  
  50  4:00  SCV  
  52  4:03  Marine  
  52  4:09  SCV  
  52  4:12  SCV  
  53  4:21  Hellion x2, SCV x2  
  57  4:25  SCV  
  57  4:28  Starport Reactor  
  55  4:33  Barracks Tech Lab, SCV x2, Supply Depot  
  55  4:37  SCV  
  58  4:40  Barracks x2  
  59  4:45  SCV x2  
  59  4:48  Supply Depot  
  60  4:55  Stimpack, Factory Reactor, Engineering Bay  
  60  4:56  Engineering Bay  
  60  4:57  Supply Depot, Marine  
  60  4:59  Orbital Command, SCV  
  62  5:01  SCV  
  63  5:11  SCV  
  63  5:13  SCV  
  63  5:14  Marine  
  63  5:15  Barracks  
  63  5:16  Barracks  
  63  5:18  Starport Reactor, Refinery  
  63  5:19  Supply Depot  
  64  5:22  Refinery  
  64  5:23  SCV  
  64  5:25  SCV x2  
  64  5:28  Terran Infantry Weapons Level 1, Terran Infantry Armor Level 1  
  67  5:32  Marine  
  67  5:35  SCV  
  69  5:37  Widow Mine x2, SCV  
  69  5:40  Supply Depot, Marine  
  69  5:42  SCV  
  76  5:43  Marine  
  76  5:45  Marine  
  76  5:46  Marine  
  76  5:47  SCV  
  76  5:49  SCV  
  81  5:51  Supply Depot, Marine  
  81  5:54  Medivac x2, SCV  
  87  5:59  SCV  
  87  6:00  Supply Depot  
  87  6:01  Widow Mine x2  
  87  6:02  Marine, SCV  
  87  6:03  Barracks Reactor  
  94  6:04  Barracks Reactor  
  94  6:06  SCV  
  94  6:08  Marine x2  
  94  6:09  Marine, Refinery  
  94  6:10  Marine  
  99  6:13  SCV  
  99  6:14  SCV  
  99  6:18  SCV  
  102  6:20  Marine  
  102  6:21  Supply Depot  
  102  6:22  Armory  
  102  6:25  Factory, SCV  
  104  6:26  Marine  
  104  6:27  SCV  
  104  6:31  Marine x3, SCV  
  110  6:34  Supply Depot  
  110  6:35  Widow Mine  
  110  6:38  Marine  
  113  6:42  Medivac  
  113  6:43  Marine  
  113  6:44  Marine, Widow Mine  
  113  6:45  Marine x2  
  121  6:49  Supply Depot, Marine  
  121  6:52  Marine  
  121  6:53  Marine  
  124  6:54  Marine  
  124  6:57  Marine  
  126  7:03  Command Center  
  126  7:04  Marine  
  126  7:07  Marine, Widow Mine  
  129  7:09  Combat Shield, Marine  
  129  7:10  Marine  
  129  7:14  Widow Mine, Marine x2  
  135  7:16  Medivac  
  135  7:17  Medivac  
  135  7:19  Factory Tech Lab  
  139  7:24  Supply Depot, Marine  
  139  7:25  Marine  
  141  7:31  Terran Infantry Armor Level 2, Supply Depot  
  141  7:33  Widow Mine  
  141  7:42  Marine x3  
  141  7:46  Widow Mine, Marine x6  
  141  7:49  Supply Depot  
  141  7:50  Supply Depot  
  141  7:51  Medivac, Widow Mine  
  149  7:52  Medivac  
  149  7:55  Widow Mine  
  149  8:00  Marine x3  
  149  8:04  Marine x2  
  140  8:06  Barracks  
  140  8:08  Barracks x2  
  138  8:13  SCV x2  
  138  8:15  Widow Mine x2  
  138  8:16  Marine x2  
  138  8:17  Widow Mine, Marine  
  138  8:18  SCV  
  150  8:22  Marine  
  151  8:28  Marine  
  151  8:31  Marine x2  
  151  8:32  Marine  
  155  8:36  Marine  
  155  8:37  Marine, Widow Mine x2  
  155  8:39  Marine x2  
  155  8:40  SCV x2  
  158  8:45  Widow Mine, Marine  
  158  8:46  Marine  
  160  8:51  Command Center, SCV  
  160  8:52  SCV x2  
  163  8:56  Marine x2  
  163  8:58  Widow Mine  
  163  8:59  Barracks Tech Lab x3  
  163  9:02  Widow Mine  
  169  9:03  Supply Depot  
  169  9:04  Marine x2  
  169  9:08  Widow Mine  
  169  9:09  SCV  
  173  9:14  Marine, Medivac  
  173  9:15  Marine  
  173  9:17  Marine  
  168  9:19  Widow Mine, SCV, Marine  
  168  9:23  Marine x2  
  168  9:24  Widow Mine  
  167  9:26  Marine, SCV  
  167  9:28  SCV  
  167  9:29  Widow Mine  
  170  9:33  Marine  
  170  9:34  Marine  
  170  9:36  Marine  
  170  9:38  SCV  
  176  9:39  SCV  
Show
View Real Time Build Order
Export as new Build Order

Solar Zerg 

Build Orders: Hatch First 

Get SALT Encoding   

  12  0:00  Drone  
  13  0:12  Overlord  
  13  0:16  Drone  
  14  0:30  Drone x2  
  16  0:48  Hatchery  
  15  0:51  Drone  
  15  0:54  Drone  
  17  0:57  Drone  
  18  1:08  Extractor  
  17  1:12  Spawning Pool  
  17  1:15  Drone  
  17  1:19  Drone  
  18  1:27  Drone  
  19  1:39  Drone  
  20  1:49  Drone  
  21  1:59  Queen x2  
  21  2:00  Zergling x4  
  27  2:12  Zergling x2, Overlord  
  28  2:18  Metabolic Boost  
  28  2:32  Drone  
  28  2:33  Drone  
  30  2:37  Hatchery  
  30  2:41  Queen  
  30  2:43  Drone  
  32  2:48  Overlord  
  32  2:52  Drone  
  32  2:53  Drone  
  32  2:58  Drone x2  
  36  3:08  Drone x5  
  41  3:17  Queen  
  41  3:19  Overlord  
  43  3:21  Drone  
  44  3:30  Overlord  
  44  3:37  Queen  
  46  3:44  Drone x6  
  52  3:49  Queen  
  52  3:50  Drone  
  52  3:51  Overlord  
  54  3:56  Zergling x6  
  54  4:03  Zergling x2  
  54  4:08  Drone x3  
  55  4:13  Queen  
  55  4:19  Drone x2  
  55  4:22  Zergling x6  
  57  4:26  Spore Crawler  
  57  4:27  Extractor  
  57  4:31  Drone x4  
  60  4:32  Drone  
  60  4:37  Queen  
  63  4:41  Drone, Spore Crawler  
  63  4:42  Drone  
  63  4:44  Drone  
  65  4:47  Drone x2  
  65  4:50  Drone  
  65  4:51  Drone  
  65  4:52  Drone  
  70  4:54  Extractor  
  70  4:55  Drone  
  70  4:56  Drone  
  70  5:01  Queen  
  70  5:02  Drone  
  70  5:06  Drone x2  
  73  5:08  Drone  
  73  5:10  Drone  
  74  5:18  Overlord  
  74  5:21  Overlord  
  74  5:24  Overlord  
  74  5:27  Evolution Chamber  
  73  5:30  Drone  
  73  5:31  Evolution Chamber  
  73  5:32  Overlord  
  73  5:34  Overlord  
  73  5:35  Overlord  
  73  5:38  Drone x5  
  73  5:40  Drone x2  
  73  5:42  Drone  
  81  5:43  Drone  
  81  5:44  Drone  
  81  5:47  Drone  
  85  5:50  Zergling x4  
  85  5:53  Drone  
  85  5:54  Drone  
  88  5:57  Zerg Melee Weapons Level 1, Zerg Ground Armor Level 1  
  88  6:00  Lair  
  88  6:01  Extractor  
  87  6:08  Drone x2  
  87  6:10  Drone x2  
  87  6:11  Drone x2, Spore Crawler  
  92  6:12  Baneling Nest  
  92  6:13  Extractor x2, Drone  
  92  6:14  Drone  
  92  6:18  Zergling x8  
  95  6:23  Drone  
  96  6:25  Hatchery  
  96  6:26  Drone  
  96  6:28  Drone  
  96  6:29  Zergling x2  
  96  6:30  Zergling x4  
  101  6:32  Zergling x2  
  101  6:35  Overlord  
  101  6:37  Drone x2  
  103  6:41  Zergling x6  
  103  6:44  Queen  
  102  6:49  Zergling x6  
  102  6:51  Drone x2  
  107  6:54  Drone  
  107  6:56  Zergling x2, Baneling x8  
  107  6:57  Zergling x4  
  107  6:58  Overseer  
  107  7:00  Centrifugal Hooks  
  110  7:04  Zergling x8  
  113  7:14  Drone x4  
  114  7:25  Queen, Overlord  
  114  7:27  Zergling x12  
  122  7:30  Zergling x4, Baneling x2, Hydralisk Den  
  121  7:37  Zergling x2, Baneling x3  
  121  7:38  Zergling x2  
  121  7:39  Queen  
  126  7:44  Zergling x4  
  126  7:46  Baneling x5  
  126  7:47  Overlord  
  126  7:52  Overlord  
  126  7:55  Zergling x10  
  124  8:02  Hydralisk x4  
  120  8:07  Zergling x6  
  120  8:08  Grooved Spines  
  120  8:11  Extractor  
  120  8:12  Drone x2  
  124  8:15  Drone x2, Queen  
  128  8:20  Drone  
  128  8:25  Drone x2  
  127  8:31  Hydralisk x2  
  128  8:36  Hatchery  
  128  8:39  Zergling x12  
  121  8:43  Zergling x14  
  121  8:46  Hydralisk  
  126  8:53  Hydralisk x5  
  126  8:55  Infestation Pit  
  133  8:56  Queen  
  133  9:00  Zergling x4  
  133  9:01  Queen  
  139  9:05  Hydralisk  
  139  9:06  Hydralisk  
  139  9:09  Zergling x4  
  144  9:12  Overlord  
  125  9:19  Hydralisk x2  
  125  9:20  Hydralisk x2  
  125  9:23  Zergling x16  
  134  9:26  Zergling x2  
  135  9:34  Zergling x8  

Tags
 
Add a new tag
Caveats
  • Supply blocks, unpowered buildings, or Contaminate may cause inaccurate times.
  • Supply counts are checked every 10 seconds.